[Event "24th Barcelona Open-A 2019"]
[Site "Barcelona"]
[Date "2019.10.02"]
[Round "6.1"]
[White "Ivanisevic, Ivan"]
[Black "Donchenko, Alexander"]
[Result "0-1"]
[ECO "A22"]
[WhiteElo "2618"]
[BlackElo "2631"]
[Annotator "ChessBase"]
[PlyCount "180"]
[EventDate "2019.09.27"]
[EventType "swiss"]
[EventCountry "ESP"]
[SourceTitle "playchess.com"]
[Source "ChessBase"]
[SourceQuality "1"]
[TimeControl "5400+30"]

1. c4 Nf6 2. Nc3 e5 3. g3 Bb4 4. e4 d6 5. Nge2 Nc6 6. Bg2 Bg4 7. h3 Bxe2 8. Nxe2 Bc5 9. a3 a5 10. d3 Nd4 11. Nc3 c6 12. O-O Qb6 13. Na4 Qb3 14. Be3 Ba7 15. Rb1 Qxd1 16. Rfxd1 Nb3 17. Bxa7 Rxa7 18. f4 Nd7 19. Kf2 Ke7 20. Bf3 Rb8 21. Ke3 b5 22. cxb5 Rxb5 23. Bg4 Ndc5 24. Nc3 Rb8 25. Rf1 Rab7 26. Rf2 f6 27. h4 Rd8 28. Bf3 Nd4 29. Bg4 Rdb8 30. Bd1 Rd8 31. Bg4 Rdb8 32. Bd1 Nb5 33. Nxb5 Rxb5 34. h5 d5 35. fxe5 fxe5 36. exd5 cxd5 37. Rc2 d4+ 38. Kd2 Kd6 39. Be2 h6 40. Bg4 Na4 41. b4 Nc3 42. Rxc3 dxc3+ 43. Kxc3 axb4+ 44. axb4 R5b6 45. Bf5 Rc6+ 46. Kd2 Rf8 47. g4 Rb6 48. Kc3 Rfb8 49. Rb2 R8b7 50. Rb1 Rc7+ 51. Kd2 Kd5 52. Be4+ Kd4 53. b5 Rf7 54. Ke2 Ra7 55. Kf3 Ra3 56. Rb4+ Kc5 57. Rc4+ Kd6 58. g5 hxg5 59. Kg4 Ra1 60. Kxg5 Rg1+ 61. Kf5 Rxb5 62. Rc6+ Ke7 63. Rc7+ Kd6 64. Rc6+ Ke7 65. Rc7+ Kf8 66. Ke6 Rb6+ 67. Kd5 Rg5 68. Bg6 Rb8 69. Rf7+ Kg8 70. Rd7 Ra8 71. Ke6 Rb8 72. Rd5 Kf8 73. d4 Rb6+ 74. Kd7 Rgxg6 75. hxg6 exd4 76. Rxd4 Rxg6 77. Rf4+ Kg8 78. Ke7 Ra6 79. Rg4 g6 80. Rg2 Kg7 81. Rg1 Ra5 82. Ke6 g5 83. Rg2 Kg6 84. Rg1 Ra4 85. Ke5 g4 86. Rg2 Kg5 87. Rg1 Ra3 88. Rg2 g3 89. Ke4 Kg4 90. Rg1 Ra2 0-1

[Event "24th Barcelona Open-A 2019"]
[Site "Barcelona"]
[Date "2019.10.02"]
[Round "6.2"]
[White "Kamsky, Gata"]
[Black "Gharamian, Tigran"]
[Result "1/2-1/2"]
[ECO "E11"]
[WhiteElo "2685"]
[BlackElo "2590"]
[Annotator "ChessBase"]
[PlyCount "30"]
[EventDate "2019.09.27"]
[EventType "swiss"]
[EventCountry "ESP"]
[SourceTitle "playchess.com"]
[Source "ChessBase"]
[SourceQuality "1"]
[TimeControl "5400+30"]

1. d4 Nf6 2. Nf3 e6 3. c4 Bb4+ 4. Bd2 c5 5. g3 Qb6 6. Bg2 Nc6 7. d5 exd5 8. cxd5 Nxd5 9. O-O Nde7 10. e4 d6 11. Be3 Qc7 12. a3 Ba5 13. Nbd2 Bxd2 14. Qxd2 Bg4 15. b4 Bxf3 1/2-1/2

[Event "24th Barcelona Open-A 2019"]
[Site "Barcelona"]
[Date "2019.10.02"]
[Round "6.3"]
[White "Shevchenko, Kirill"]
[Black "Lagarde, Maxime"]
[Result "0-1"]
[ECO "B33"]
[WhiteElo "2541"]
[BlackElo "2657"]
[Annotator "ChessBase"]
[PlyCount "148"]
[EventDate "2019.09.27"]
[EventType "swiss"]
[EventCountry "ESP"]
[SourceTitle "playchess.com"]
[Source "ChessBase"]
[SourceQuality "1"]
[TimeControl "5400+30"]

1. e4 c5 2. Nf3 e6 3. d4 cxd4 4. Nxd4 Nf6 5. Nc3 Nc6 6. Ndb5 d6 7. Bf4 e5 8. Bg5 a6 9. Na3 b5 10. Nd5 Be7 11. Bxf6 Bxf6 12. c3 Ne7 13. Nxf6+ gxf6 14. Nc2 Bb7 15. Bd3 d5 16. Qe2 f5 17. exf5 e4 18. f6 Nf5 19. O-O-O Qxf6 20. Ne3 Nxe3 21. Qxe3 b4 22. Bc2 bxc3 23. Qxc3 Qxc3 24. bxc3 Rc8 25. Kb2 Rc5 26. Bb3 Ke7 27. Rd4 Rg8 28. g3 Rgc8 29. Rc1 a5 30. Rcd1 Rxc3 31. R1d2 f5 32. Bxd5 a4 33. a3 Ba6 34. g4 Bd3 35. gxf5 Kf6 36. Bxe4 Rb8+ 37. Ka2 Bc4+ 38. Rxc4 Rxc4 39. f3 Rb6 40. Rd8 Rc7 41. Rf8+ Rf7 42. Rd8 Rg7 43. Rd2 h5 44. h4 Rg3 45. Rd8 Rg2+ 46. Ka1 Rb3 47. Rd6+ Ke7 48. Re6+ Kd7 49. Rg6 Rxa3+ 50. Kb1 Raa2 51. Bc6+ Kc7 52. Rxg2 Rxg2 53. Bxa4 Rh2 54. Be8 Rxh4 55. Kc2 Kd8 56. Bg6 Rc4+ 57. Kd3 h4 58. Ke2 Ke7 59. Kf2 Rc2+ 60. Kg1 Kf6 61. f4 Rc4 62. Kg2 Rxf4 63. Be8 Rd4 64. Bb5 Rb4 65. Bd7 Rb3 66. Kh2 h3 67. Ba4 Rd3 68. Bb5 Rf3 69. Bc6 Re3 70. Bd7 Kg5 71. f6 Kh4 72. f7 Re2+ 73. Kg1 h2+ 74. Kh1 Kg3 0-1

[Event "24th Barcelona Open-A 2019"]
[Site "Barcelona"]
[Date "2019.10.02"]
[Round "6.4"]
[White "Perunovic, Milos"]
[Black "Moussard, Jules"]
[Result "1-0"]
[ECO "B94"]
[WhiteElo "2569"]
[BlackElo "2608"]
[Annotator "ChessBase"]
[PlyCount "93"]
[EventDate "2019.09.27"]
[EventType "swiss"]
[EventCountry "ESP"]
[SourceTitle "playchess.com"]
[Source "ChessBase"]
[SourceQuality "1"]
[TimeControl "5400+30"]

1. e4 c5 2. Nf3 d6 3. d4 cxd4 4. Nxd4 Nf6 5. Nc3 a6 6. Bg5 Nbd7 7. Bc4 Qb6 8. O-O Qc5 9. Bd5 e6 10. Re1 Ne5 11. Bb3 Be7 12. Be3 Qc7 13. Qe2 b5 14. a3 O-O 15. Rad1 Rb8 16. Bc1 Re8 17. Kh1 Bf8 18. h3 Bb7 19. f4 Nc6 20. Nf3 Na5 21. Ba2 Nc4 22. e5 Nd5 23. Nxd5 Bxd5 24. b3 Nb6 25. Bb1 Rbd8 26. Bb2 Qb7 27. Rf1 dxe5 28. Nxe5 f6 29. Ng4 f5 30. Ne5 Rc8 31. Kh2 Rc7 32. Rd3 Be4 33. Rg3 Nd5 34. c4 Nf6 35. Ba2 a5 36. Rd1 b4 37. a4 Bc5 38. Nd3 Bxd3 39. Rgxd3 Ne4 40. Rd8 Rce7 41. Bb1 Bb6 42. R1d7 Rxd7 43. Rxe8+ Kf7 44. Rh8 Kg6 45. Qf3 Kh6 46. Bxe4 Qxe4 47. Qg3 1-0

[Event "24th Barcelona Open-A 2019"]
[Site "Barcelona"]
[Date "2019.10.02"]
[Round "6.5"]
[White "Svane, Rasmus"]
[Black "Sosa, Tomas"]
[Result "1/2-1/2"]
[ECO "D38"]
[WhiteElo "2592"]
[BlackElo "2524"]
[Annotator "ChessBase"]
[PlyCount "173"]
[EventDate "2019.09.27"]
[EventType "swiss"]
[EventCountry "ESP"]
[SourceTitle "playchess.com"]
[Source "ChessBase"]
[SourceQuality "1"]
[TimeControl "5400+30"]

1. d4 d5 2. c4 e6 3. Nc3 Nf6 4. Nf3 Bb4 5. Bd2 c5 6. a3 Bxc3 7. Bxc3 Ne4 8. e3 Nxc3 9. bxc3 Qa5 10. Qd2 O-O 11. cxd5 exd5 12. Bd3 Nd7 13. O-O b6 14. Rfb1 Ba6 15. Bxa6 Qxa6 16. Rc1 Rfe8 17. Rab1 g6 18. h3 Red8 19. dxc5 Nxc5 20. Qb2 d4 21. Nxd4 Qc4 22. Qb4 Qd5 23. a4 Ne4 24. c4 Qg5 25. Nf3 Qf6 26. a5 bxa5 27. Qxa5 Nd2 28. Nxd2 Rxd2 29. Rf1 Rad8 30. Qxa7 Rc2 31. Qc5 Rdd2 32. Rb8+ Kg7 33. Qc8 Qd6 34. Qh8+ Kh6 35. Qg8 Rd1 36. Rb1 Rxf1+ 37. Rxf1 Qe7 38. Rd1 Rxc4 39. g3 Rb4 40. Qh8 f6 41. Qc8 Rb2 42. Rd4 Rb1+ 43. Kh2 Rb7 44. Qg8 Rb4 45. Rd2 Rb1 46. Qc8 Rb7 47. Rc2 Kg7 48. Rc6 Ra7 49. Qb8 Qd7 50. Rc8 Qf7 51. h4 Rd7 52. Qf4 Qa2 53. Rc5 Qe6 54. Rc2 Qd5 55. Rc8 Qb7 56. Rc5 Qb6 57. Rc8 Qb7 58. Rc4 Qb6 59. h5 g5 60. Qf5 Re7 61. Rc8 Qd6 62. Ra8 Qc6 63. Rd8 Qe6 64. Qc5 Rf7 65. Qd4 Qf5 66. Kg2 g4 67. Rd5 Qf3+ 68. Kg1 Rc7 69. Qd2 Rc1+ 70. Qxc1 Qxd5 71. Qc7+ Kh6 72. Qf4+ Qg5 73. Qc7 Qxh5 74. e4 Kg6 75. Qe7 Qb5 76. Qe6 Qe2 77. Qg8+ Kh6 78. Qf8+ Kg6 79. Qe8+ Kh6 80. Qe6 Qd1+ 81. Kh2 Qf3 82. Qb6 Kg5 83. Qc5+ Kg6 84. Qc2 Kg7 85. Kg1 Kg8 86. Qc4+ Kg7 87. Qd5 1/2-1/2

[Event "24th Barcelona Open-A 2019"]
[Site "Barcelona"]
[Date "2019.10.02"]
[Round "6.6"]
[White "Edouard, Romain"]
[Black "Del Rio De Angelis, Salvador G."]
[Result "0-1"]
[ECO "A45"]
[WhiteElo "2640"]
[BlackElo "2488"]
[Annotator "ChessBase"]
[PlyCount "94"]
[EventDate "2019.09.27"]
[EventType "swiss"]
[EventCountry "ESP"]
[SourceTitle "playchess.com"]
[Source "ChessBase"]
[SourceQuality "1"]
[TimeControl "5400+30"]

1. d4 Nf6 2. Bf4 c5 3. d5 b5 4. f3 g6 5. e4 Bg7 6. Bxb5 Nh5 7. Bd2 Bxb2 8. Nc3 Bxa1 9. Qxa1 O-O 10. g4 Nf6 11. d6 Nc6 12. Bg5 Nd4 13. dxe7 Qxe7 14. Nd5 Nxd5 15. Bxe7 Nxc2+ 16. Kd2 Nxa1 17. exd5 Rb8 18. Bd3 Rb2+ 19. Kc3 Rxa2 20. Bxc5 d6 21. Bb1 Rg2 22. Bxd6 Rd8 23. Bg3 Rxd5 24. Nh3 Rc5+ 25. Kb4 Rc6 26. Nf2 Nc2+ 27. Kb5 Bd7 28. Ka5 Rc5+ 29. Ka6 Nb4+ 30. Kb7 Bc6+ 31. Kxa7 Bxf3 32. Re1 Rc8 33. g5 Bc6 34. Kb6 Nd5+ 35. Kc5 Nc3 36. Kd4 Bb5 37. Bd3 Bxd3 38. Kxd3 Nd5 39. Ra1 f5 40. gxf6 Nxf6 41. Ke2 Rc3 42. Ra8+ Kg7 43. Ra7+ Kh6 44. Rf7 Ng4 45. Kf1 Rgxg3 46. hxg3 Rc1+ 47. Kg2 Rc2 0-1

[Event "24th Barcelona Open-A 2019"]
[Site "Barcelona"]
[Date "2019.10.02"]
[Round "6.7"]
[White "Aroshidze, Levan"]
[Black "Song, Raymond"]
[Result "1-0"]
[ECO "B12"]
[WhiteElo "2517"]
[BlackElo "2456"]
[Annotator "ChessBase"]
[PlyCount "101"]
[EventDate "2019.09.27"]
[EventType "swiss"]
[EventCountry "ESP"]
[SourceTitle "playchess.com"]
[Source "ChessBase"]
[SourceQuality "1"]
[TimeControl "5400+30"]

1. e4 c6 2. d4 d5 3. e5 Bf5 4. Nf3 e6 5. Be2 Ne7 6. O-O Ng6 7. Be3 Nd7 8. Ne1 h5 9. Bd3 Nh4 10. Nd2 c5 11. c3 Qb6 12. Ndf3 Bxd3 13. Nxd3 Nf5 14. Qe2 Qa6 15. Qd2 Rc8 16. Bg5 Be7 17. Bxe7 Nxe7 18. b3 Nf5 19. Nf4 Qa5 20. b4 cxb4 21. cxb4 Qd8 22. Rac1 Rxc1 23. Rxc1 Nb6 24. Qd3 g5 25. Qb5+ Kf8 26. Ne2 g4 27. Nd2 Kg7 28. Qd3 h4 29. h3 Qg5 30. hxg4 Qxg4 31. Kh2 Rh6 32. Rc7 Rg6 33. Qf3 Qg5 34. Nf4 Rh6 35. Rxb7 Nc8 36. Nb3 Nce7 37. b5 h3 38. Nxh3 Ng6 39. Nc5 Kg8 40. Nd7 Qd2 41. Nf6+ Kg7 42. Rb8 Rh4 43. Rg8+ Kh6 44. Ng4+ Kh7 45. Nf6+ Kh6 46. g4 Nfe7 47. Re8 Kg7 48. Nh5+ Kh6 49. Rh8+ Nxh8 50. Qf6+ Neg6 51. Qg7# 1-0

[Event "24th Barcelona Open-A 2019"]
[Site "Barcelona"]
[Date "2019.10.02"]
[Round "6.9"]
[White "Perez Mitjans, Orelvis"]
[Black "Krishna Teja, N."]
[Result "0-1"]
[ECO "C26"]
[WhiteElo "2409"]
[BlackElo "2364"]
[Annotator "NA"]
[PlyCount "90"]
[EventDate "2019.09.27"]
[EventType "swiss"]
[EventCountry "ESP"]
[SourceTitle "playchess.com"]
[Source "ChessBase"]
[SourceQuality "1"]
[TimeControl "5400+30"]

1. e4 e5 2. Nc3 Nf6 3. g3 Bc5 4. Bg2 Nc6 5. Nge2 Nd4 6. O-O d6 7. h3 Bd7 8. d3 h5 9. Nxd4 Bxd4 10. Bg5 c6 11. Ne2 Bb6 12. a4 a5 13. d4 Qc8 14. h4 Ng4 15. c3 f6 16. Bc1 Qc7 17. f3 Nh6 18. Qd3 Nf7 19. f4 Bg4 20. Be3 O-O-O 21. f5 d5 22. exd5 cxd5 23. b4 Qc4 24. Qxc4+ dxc4 25. Bf3 Bxf3 26. Rxf3 axb4 27. a5 Ba7 28. Ra4 bxc3 29. Rxc4+ Kb8 30. d5 Bxe3+ 31. Rxe3 Rxd5 32. a6 Nd6 33. Rcxc3 bxa6 34. Ra3 Ka7 35. Nc3 Rd4 36. Re2 Rc8 37. Kh2 Rc6 38. Kh3 Kb7 39. Rb2+ Rb6 40. Rc2 Rd3 41. Raa2 Rb3 42. Na4 Rxg3+ 43. Kh2 Rh3+ 44. Kg1 Rbg3+ 45. Rg2 Nxf5 0-1

[Event "24th Barcelona Open-A 2019"]
[Site "Barcelona"]
[Date "2019.10.02"]
[Round "6.10"]
[White "Purnama, Tirta Chandra"]
[Black "Barseghyan, Harutyun"]
[Result "1/2-1/2"]
[ECO "A43"]
[WhiteElo "2300"]
[BlackElo "2500"]
[Annotator "ChessBase"]
[PlyCount "149"]
[EventDate "2019.09.27"]
[EventType "swiss"]
[EventCountry "ESP"]
[SourceTitle "playchess.com"]
[Source "ChessBase"]
[SourceQuality "1"]
[TimeControl "5400+30"]

1. d4 Nf6 2. Nf3 c5 3. d5 e6 4. Nc3 exd5 5. Nxd5 Nxd5 6. Qxd5 Nc6 7. c3 d6 8. Bg5 Be7 9. Bxe7 Qxe7 10. e3 Be6 11. Qh5 h6 12. Bb5 O-O 13. O-O a6 14. Bxc6 bxc6 15. b4 cxb4 16. cxb4 a5 17. b5 Bc4 18. Rfc1 cxb5 19. a4 Rfc8 20. axb5 Rc5 21. Qxc5 dxc5 22. Rxc4 Rb8 23. Rxa5 Qd8 24. Ra1 Rxb5 25. h3 Qd5 26. Rac1 g5 27. e4 Qd3 28. e5 Qd5 29. h4 gxh4 30. Rxh4 Rb4 31. Rxh6 Rg4 32. Rf6 c4 33. Kh2 Kg7 34. Rc3 Qa5 35. Re3 Qc5 36. Kh3 Qc8 37. Rxf7+ Kg8 38. e6 Rg6 39. Kh2 Rxe6 40. Rxe6 Qxe6 41. Rf4 Qh6+ 42. Kg3 Qd6 43. Nd4 c3 44. Kf3 Qd5+ 45. Kg3 Qc4 46. Kh3 Qf1 47. Kh2 Kg7 48. g3 Kg6 49. Rf8 Kg5 50. Rf4 Kg6 51. Rf8 Qd3 52. Rf4 Qd2 53. Kg2 Qa2 54. Kh2 Qb2 55. Kg2 Kh5 56. Kh2 c2 57. Nxc2 Qxc2 58. Kg2 Kg5 59. Kh2 Qc6 60. Kg1 Qc1+ 61. Kg2 Qb1 62. Kh2 Qf1 63. Rf8 Kg6 64. Rf4 Kg7 65. Rf5 Kh6 66. Rf4 Kg5 67. Rf8 Kg4 68. Rf4+ Kh5 69. Rf8 Kh6 70. Rf4 Kg7 71. Rf5 Qe2 72. Rf4 Qe1 73. Kg2 Kg6 74. Kh2 Qf1 75. Rf8 1/2-1/2

[Event "24th Barcelona Open-A 2019"]
[Site "Barcelona"]
[Date "2019.10.02"]
[Round "6.11"]
[White "Priasmoro, Novendra"]
[Black "Valenzuela Gomez, Fernando"]
[Result "1-0"]
[ECO "B94"]
[WhiteElo "2484"]
[BlackElo "2366"]
[Annotator "ChessBase"]
[PlyCount "61"]
[EventDate "2019.09.27"]
[EventType "swiss"]
[EventCountry "ESP"]
[SourceTitle "playchess.com"]
[Source "ChessBase"]
[SourceQuality "1"]
[TimeControl "5400+30"]

1. e4 c5 2. Nf3 d6 3. d4 cxd4 4. Nxd4 Nf6 5. Nc3 a6 6. Bg5 Nbd7 7. f4 Qa5 8. Qf3 h6 9. Bxf6 Nxf6 10. f5 e5 11. fxe6 fxe6 12. O-O-O Be7 13. Bc4 Qe5 14. Rhe1 g5 15. Kb1 Bd7 16. Bb3 Rc8 17. g3 Rf8 18. Qe2 g4 19. Qe3 h5 20. Qh6 Rf7 21. Qg6 Kf8 22. Rf1 Rg7 23. Qh6 Re8 24. Nd5 exd5 25. Bxd5 Qg5 26. Qh8+ Rg8 27. Bxg8 Qxg8 28. Rxf6+ Bxf6 29. Qxf6+ Qf7 30. Qxd6+ Kg8 31. e5 1-0

[Event "24th Barcelona Open-A 2019"]
[Site "Barcelona"]
[Date "2019.10.02"]
[Round "6.12"]
[White "Ladron De Guevara Pinto, Paolo"]
[Black "Storey, Charles H"]
[Result "1-0"]
[ECO "D45"]
[WhiteElo "2447"]
[BlackElo "2282"]
[Annotator "NA"]
[PlyCount "77"]
[EventDate "2019.09.27"]
[EventType "swiss"]
[EventCountry "ESP"]
[SourceTitle "playchess.com"]
[Source "ChessBase"]
[SourceQuality "1"]
[TimeControl "5400+30"]

1. d4 d5 2. c4 e6 3. Nc3 Nf6 4. Nf3 c6 5. e3 Nbd7 6. Qc2 Bd6 7. b3 O-O 8. Be2 b6 9. O-O Bb7 10. Bb2 dxc4 11. bxc4 Rc8 12. Rad1 Qe7 13. e4 e5 14. dxe5 Nxe5 15. Nd4 Bb8 16. f4 Neg4 17. e5 Bxe5 18. fxe5 Qxe5 19. Bxg4 Nxg4 20. Nf3 Qc5+ 21. Kh1 Ne3 22. Qc1 Rfe8 23. Rd4 Nxf1 24. Qxf1 Qf5 25. g4 Qf6 26. c5 Re3 27. Rd3 Ba6 28. Nd5 Qxb2 29. Nxe3 Re8 30. cxb6 axb6 31. Qd1 Bxd3 32. Qxd3 Qa1+ 33. Kg2 Qxa2+ 34. Kg3 g6 35. g5 Qa8 36. Ng4 Qb8+ 37. Kg2 Rd8 38. Qc3 Rd1 39. Nh6+ 1-0

[Event "24th Barcelona Open-A 2019"]
[Site "Barcelona"]
[Date "2019.10.02"]
[Round "6.13"]
[White "Piedra Salabarria, Ernesto"]
[Black "Bharath Subramaniyam H"]
[Result "0-1"]
[ECO "A46"]
[WhiteElo "2287"]
[BlackElo "2417"]
[Annotator "NA"]
[PlyCount "128"]
[EventDate "2019.09.27"]
[EventType "swiss"]
[EventCountry "ESP"]
[SourceTitle "playchess.com"]
[Source "ChessBase"]
[SourceQuality "1"]
[TimeControl "5400+30"]

1. d4 Nf6 2. Nf3 e6 3. Bf4 b6 4. e3 Bb7 5. Bd3 c5 6. Nbd2 Nc6 7. c3 d5 8. O-O Bd6 9. Ne5 Qc7 10. Ndf3 O-O 11. Nxc6 Bxf4 12. Nce5 Bxe5 13. Nxe5 Ne4 14. Qg4 Qe7 15. f3 Nd6 16. Qh3 g6 17. f4 Ne4 18. g4 f6 19. Nf3 cxd4 20. cxd4 Rac8 21. g5 f5 22. Qg2 Rc7 23. Rfc1 Rfc8 24. Qf1 Kf8 25. Qe1 Kg8 26. h4 Qg7 27. Ne5 Nd6 28. b3 Ne4 29. Bb5 Nc3 30. Bf1 Ne4 31. Bd3 Qe7 32. a4 a6 33. Bxe4 dxe4 34. Nc4 Rc6 35. a5 b5 36. Nb6 R8c7 37. Qd2 Qd6 38. Kf2 h6 39. gxh6 Kh7 40. Ke2 Qd8 41. Rxc6 Rxc6 42. Rc1 Qxh4 43. Rc5 Kxh6 44. Qc3 Qh2+ 45. Kd1 Qg1+ 46. Kc2 Qf2+ 47. Kb1 b4 48. Qc1 Rxc5 49. dxc5 Bc6 50. Nc4 Bd5 51. Qb2 Qxb2+ 52. Kxb2 g5 53. fxg5+ Kxg5 54. Ne5 f4 55. exf4+ Kxf4 56. Ng6+ Kg3 57. Kc2 e3 58. Kd3 Be4+ 59. Kxe3 Bxg6 60. Kd4 Kf4 61. c6 e5+ 62. Kc5 Be4 63. c7 Bb7 64. Kb6 Bc8 0-1

[Event "24th Barcelona Open-A 2019"]
[Site "Barcelona"]
[Date "2019.10.02"]
[Round "6.14"]
[White "Veinberg, Nimrod"]
[Black "Jimenez Ruano, Adrian"]
[Result "1/2-1/2"]
[ECO "E35"]
[WhiteElo "2411"]
[BlackElo "2311"]
[Annotator "NA"]
[PlyCount "129"]
[EventDate "2019.09.27"]
[EventType "swiss"]
[EventCountry "ESP"]
[SourceTitle "playchess.com"]
[Source "ChessBase"]
[SourceQuality "1"]
[TimeControl "5400+30"]

1. d4 Nf6 2. c4 e6 3. Nc3 Bb4 4. Qc2 d5 5. cxd5 exd5 6. Bg5 h6 7. Bxf6 Qxf6 8. a3 Bxc3+ 9. Qxc3 O-O 10. e3 Bf5 11. Nf3 Nd7 12. Be2 c5 13. O-O c4 14. a4 a6 15. Ra2 Rfb8 16. Rfa1 Qc6 17. a5 b5 18. axb6 Rxb6 19. Nd2 Nf6 20. Bd1 Ne8 21. b3 Nd6 22. bxc4 Nxc4 23. h3 Rc8 24. Be2 Qg6 25. Kh2 Qd6+ 26. g3 Qf6 27. Nxc4 Bb1 28. Qe1 dxc4 29. Rxb1 Rxb1 30. Qxb1 Qxf2+ 31. Kh1 Qxg3 32. Qf5 Rc6 33. Bf3 Rf6 34. Qc8+ Kh7 35. Be4+ g6 36. Bg2 Rb6 37. Ra1 Rb2 38. Qc6 h5 39. Rg1 Rc2 40. Qf3 Qc7 41. Rf1 Kg8 42. Qa8+ Kg7 43. Qxa6 c3 44. Qc6 Qe7 45. d5 Qxe3 46. Qf6+ Kh6 47. Qxf7 Rc1 48. Qf8+ Kh7 49. d6 Rxf1+ 50. Qxf1 c2 51. d7 Qd2 52. Qf7+ Kh6 53. Qf8+ Kh7 54. d8=Q c1=Q+ 55. Kh2 Qxd8 56. Qxd8 Qf4+ 57. Kg1 Qe3+ 58. Kf1 Qc1+ 59. Ke2 Qc2+ 60. Qd2 Qxd2+ 61. Kxd2 Kh6 62. Ke3 Kg5 63. Bc6 Kh4 64. Bd7 Kg3 65. Be6 1/2-1/2

[Event "24th Barcelona Open-A 2019"]
[Site "Barcelona"]
[Date "2019.10.02"]
[Round "6.16"]
[White "Ayats Llobera, Gerard"]
[Black "Aroesti, Roee"]
[Result "1-0"]
[ECO "B24"]
[WhiteElo "2384"]
[BlackElo "2252"]
[Annotator "NA"]
[PlyCount "88"]
[EventDate "2019.09.27"]
[EventType "swiss"]
[EventCountry "ESP"]
[SourceTitle "playchess.com"]
[Source "ChessBase"]
[SourceQuality "1"]
[TimeControl "5400+30"]

1. e4 c5 2. Nc3 Nc6 3. g3 g6 4. Bg2 Bg7 5. d3 e6 6. Be3 d6 7. Qd2 Rb8 8. f4 Nge7 9. Nh3 b6 10. Bf2 Nd4 11. O-O O-O 12. Kh1 Bb7 13. Nd1 e5 14. f5 gxf5 15. Bxd4 cxd4 16. exf5 Nd5 17. c4 dxc3 18. bxc3 Qf6 19. Be4 Qh6 20. Qg2 Ba8 21. Bxd5 Bxd5 22. Qxd5 Qxh3 23. Ne3 Bh6 24. Nc4 Rbc8 25. Rae1 b5 26. Nxd6 Rxc3 27. Rf2 Be3 28. Rg2 Bd4 29. Qxb5 Qh6 30. Ne4 Rc1 31. Rge2 Rfc8 32. Qd7 R1c7 33. Qd5 Qc6 34. Qd6 Qxd6 35. Nxd6 Rb8 36. f6 Rc6 37. Ne4 a5 38. Kg2 a4 39. Kf3 a3 40. g4 Rb2 41. g5 h6 42. h4 Rcc2 43. Rxc2 Rxc2 44. Re2 Rc1 1-0

[Event "24th Barcelona Open-A 2019"]
[Site "Barcelona"]
[Date "2019.10.02"]
[Round "6.17"]
[White "Herrera Reyes, Jose Antonio"]
[Black "Herraiz Hidalgo, Herminio"]
[Result "0-1"]
[ECO "A06"]
[WhiteElo "2318"]
[BlackElo "2410"]
[Annotator "NA"]
[PlyCount "68"]
[EventDate "2019.09.27"]
[EventType "swiss"]
[EventCountry "ESP"]
[SourceTitle "playchess.com"]
[Source "ChessBase"]
[SourceQuality "1"]
[TimeControl "5400+30"]

1. Nf3 d5 2. g3 c6 3. Bg2 Nf6 4. d3 Bg4 5. c3 Nbd7 6. O-O e5 7. Qb3 Qc7 8. e4 Bd6 9. exd5 cxd5 10. Na3 a6 11. c4 d4 12. Bg5 O-O 13. Rac1 Nc5 14. Qd1 e4 15. dxe4 Nfxe4 16. Bd2 Rad8 17. b4 Nd3 18. c5 Nxc1 19. cxd6 Qxd6 20. Qxc1 Rc8 21. Qb2 Nxd2 22. Nxd2 b5 23. Ne4 Qb6 24. Nb1 d3 25. Nbc3 Qd4 26. Qd2 f5 27. Nc5 Qxb4 28. Bd5+ Kh8 29. Ne6 Qxc3 30. Qxc3 Rxc3 31. f3 Rfc8 32. fxg4 d2 33. Kf2 Rd3 34. Nf4 d1=Q 0-1

[Event "24th Barcelona Open-A 2019"]
[Site "Barcelona"]
[Date "2019.10.02"]
[Round "6.18"]
[White "Lever, Erwan"]
[Black "Cruz, Jonathan"]
[Result "0-1"]
[ECO "D85"]
[WhiteElo "2221"]
[BlackElo "2409"]
[Annotator "NA"]
[PlyCount "82"]
[EventDate "2019.09.27"]
[EventType "swiss"]
[EventCountry "ESP"]
[SourceTitle "playchess.com"]
[Source "ChessBase"]
[SourceQuality "1"]
[TimeControl "5400+30"]

1. d4 Nf6 2. c4 g6 3. Nc3 d5 4. cxd5 Nxd5 5. Bd2 Bg7 6. e4 Nxc3 7. Bxc3 O-O 8. Qd2 b6 9. Rd1 Qd7 10. Nf3 Qg4 11. Qe3 Bb7 12. d5 Bxc3+ 13. bxc3 c6 14. h3 Qc8 15. Qh6 cxd5 16. c4 f6 17. exd5 e5 18. h4 Rf7 19. h5 g5 20. Nh2 Qc5 21. Ng4 Qb4+ 22. Rd2 Nd7 23. Rh3 Qb1+ 24. Rd1 Qb4+ 25. Rd2 e4 26. Be2 Re8 27. Re3 Qd6 28. f3 Nc5 29. Rd4 Bc8 30. Nf2 Qg3 31. Kf1 f5 32. a4 Ref8 33. Nh3 f4 34. Qxg5+ Qxg5 35. Nxg5 fxe3 36. Nxf7 Rxf7 37. a5 Nb3 38. Rd1 Nxa5 39. Ke1 exf3 40. Bxf3 Kf8 41. d6 Be6 0-1

[Event "24th Barcelona Open-A 2019"]
[Site "Barcelona"]
[Date "2019.10.02"]
[Round "6.19"]
[White "Prats Rodriguez, Juan Bosco"]
[Black "Palacin Martin, Ricardo"]
[Result "0-1"]
[ECO "B26"]
[WhiteElo "1936"]
[BlackElo "1985"]
[Annotator "NA"]
[PlyCount "110"]
[EventDate "2019.09.27"]
[EventType "swiss"]
[EventCountry "ESP"]
[SourceTitle "playchess.com"]
[Source "ChessBase"]
[SourceQuality "1"]
[TimeControl "5400+30"]

1. e4 c5 2. Nc3 Nc6 3. g3 g6 4. Bg2 Bg7 5. d3 d6 6. Be3 Nf6 7. Nge2 Ng4 8. Bd2 Nd4 9. h3 Ne5 10. Nxd4 cxd4 11. Nd5 e6 12. Nf4 Qb6 13. Rb1 Bd7 14. O-O Qa6 15. Bb4 O-O 16. Ne2 Qb6 17. Ba3 Bb5 18. Kh2 Rfd8 19. f4 Nd7 20. Qd2 Rac8 21. f5 Be5 22. Rbc1 Nc5 23. Nf4 Re8 24. h4 Bd7 25. Bh3 Qd8 26. Qf2 Qf6 27. Qf3 gxf5 28. exf5 exf5 29. Qh5 Kh8 30. Rf2 Rg8 31. Rg1 Rg7 32. Nd5 Qg6 33. Qxg6 fxg6 34. Bg2 Bc6 35. Nf4 Re8 36. Re1 Rge7 37. Rfe2 Kg7 38. b3 Kf6 39. Bb2 Bxg2 40. Kxg2 Bxf4 41. Rxe7 Rxe7 42. Rxe7 Kxe7 43. gxf4 Ne6 44. Kf3 Kd7 45. a4 Kc6 46. Ba3 b6 47. Kg3 a6 48. Bb2 Kd5 49. Ba3 b5 50. axb5 axb5 51. Bb4 Nd8 52. Bd2 Nc6 53. h5 Ke6 54. hxg6 hxg6 55. Bc1 Nb4 0-1

[Event "24th Barcelona Open-A 2019"]
[Site "Barcelona"]
[Date "2019.10.02"]
[Round "6.20"]
[White "Walukow, Theodora Paulina"]
[Black "Garcia Ruiz, Adrian"]
[Result "1/2-1/2"]
[ECO "B90"]
[WhiteElo "1864"]
[BlackElo "1955"]
[Annotator "NA"]
[PlyCount "145"]
[EventDate "2019.09.27"]
[EventType "swiss"]
[EventCountry "ESP"]
[SourceTitle "playchess.com"]
[Source "ChessBase"]
[SourceQuality "1"]
[TimeControl "5400+30"]

1. e4 c5 2. Nf3 d6 3. d4 cxd4 4. Nxd4 Nf6 5. Nc3 a6 6. Be3 e6 7. f3 b5 8. Qd2 Nbd7 9. g4 h6 10. h4 Bb7 11. O-O-O b4 12. Nce2 d5 13. Ng3 dxe4 14. Nxe4 Nxe4 15. fxe4 Bxe4 16. Bg2 Bxg2 17. Qxg2 Rc8 18. g5 hxg5 19. Bxg5 Qc7 20. Rhe1 Nf6 21. Rd2 Be7 22. Nf5 Bf8 23. Bxf6 gxf6 24. Ng7+ Bxg7 25. Qxg7 Ke7 26. Rf2 f5 27. Qg5+ Kf8 28. Rg2 Qd8 29. Qg7+ Ke7 30. Rg6 Rc6 31. Qf6+ Kd7 32. Qxf7+ Qe7 33. Rd1+ Rd6 34. Qxe7+ Kxe7 35. Rg7+ Kf6 36. Rxd6 Kxg7 37. Rxe6 Rxh4 38. Rxa6 Rd4 39. Re6 f4 40. Re1 Kf6 41. Rd1 Re4 42. Kd2 Kf5 43. Re1 Rd4+ 44. Ke2 Rd6 45. Kf3 Rd4 46. Re2 Rd1 47. Re4 Rf1+ 48. Ke2 Rc1 49. Kf3 Rf1+ 50. Ke2 Rc1 51. Rxb4 Rxc2+ 52. Kf3 Ke5 53. Rb5+ Kd6 54. Kxf4 Kc6 55. Rb3 Re2 56. a4 Re1 57. a5 Ra1 58. Rb6+ Kc7 59. b4 Rc1 60. Ke5 Rc4 61. Kd5 Rc1 62. Rg6 Kb7 63. a6+ Ka7 64. b5 Rc2 65. Rc6 Rb2 66. Kc5 Rc2+ 67. Kd6 Rb2 68. Rc7+ Kb8 69. Rb7+ Ka8 70. Kc6 Rc2+ 71. Kb6 Rc6+ 72. Ka5 Rxa6+ 73. bxa6 1/2-1/2